 Dungeon Sprint DCSS version 0.30-a0-469-g84de5afbc5 (webtiles) character file.

Game seed: 17994083850898717147

10300000 NinjaNoafa the Intangible (level 27, -33/228 HPs)
             Began as a Djinni Warper on Dec 20, 2022.
             Was the Champion of Makhleb.
             Annihilated by a meat berserker
             ... wielding a +9 battleaxe
              (58 damage)
             ... in the Dungeon (Sprint VIII: "Arena of Blood").
             The game lasted 00:02:20 (103 turns).

NinjaNoafa the Intangible (Djinni Warper)            Turns: 103, Time: 00:02:21

Health: -33/228    AC:  6    Str: 12    XL:     27
Gold:   0          EV: 32    Int: 19    God:    Makhleb [******] SH:  0 Dex: 21

rFire   + + .      SeeInvis .    i - +∞ Axe of Woe
rCold   x . .      Faith    .    (shield currently unavailable)
rNeg    . . .      Spirit   .    b - +0 leather armour
rPois   ∞          Reflect  .    (no helmet)
rElec   .          Harm     .    (no cloak)
rCorr   .          Rampage  .    (no gloves)
Will    ++...      NoTele   +    (boots unavailable)
Stlth   ++++++++++               (no amulet)
HPRegen 0.58/turn                j - +30 ring of slaying
MPRegen 0.00/turn                k - +30 ring of slaying

@: flying, slowed, very slow
A: sickness immunity, fire resistance 2, cold vulnerability 1, float, innate
caster, HP casting, extra vitality 1
a: Renounce Religion, Minor Destruction, Lesser Servant of Makhleb, Major
Destruction, Greater Servant of Makhleb


You were in the Dungeon.
You worshipped Makhleb.
Makhleb was exalted by your worship.
You visited 1 branch

Inventory:

Hand Weapons
 a - a +0 hand axe
 i - the +∞ Axe of Woe (weapon)
   (You found it in the Dungeon)
Missiles
 d - 7 boomerangs of dispersal (quivered)
Armour
 b - a +0 leather armour (worn)
Jewellery
 c - a ring of see invisible
 j - a +30 ring of slaying (left hand)
 k - a +30 ring of slaying (right hand)
Potions
 e - a potion of curing
 g - a potion of haste
 h - a potion of berserk rage


   Skills:
 O Level 27 Fighting
 O Level 27 Short Blades
 O Level 27 Long Blades
 O Level 27 Axes
 O Level 27 Maces & Flails
 O Level 27 Polearms
 O Level 27 Staves
 O Level 27 Ranged Weapons
 O Level 27 Throwing
 O Level 27 Armour
 O Level 27 Dodging
 O Level 27 Stealth
 O Level 27 Shields
 O Level 27 Unarmed Combat
 O Level 27 Spellcasting
 O Level 27 Invocations
 O Level 27 Evocations


You couldn't memorise any spells.
You knew the following spells:

 Your Spells              Type           Power      Damage    Failure   Level
a - Blink                 Tloc           100%       N/A       0%          2
b - Lesser Beckoning      Tloc           100%       N/A       0%          3
c - Vhi's Electric Charg  Tloc/Air       100%       N/A       0%          3
d - Teleport Other        Tloc           91%        N/A       0%          3
e - Manifold Assault      Tloc           91%        N/A       0%          4
f - Summon Small Mammal   Summ           100%       N/A       0%          1
g - Momentum Strike       Conj/Tloc      100%       3d10      0%          2
h - Scorch                Fire           100%       2d10      0%          2
i - Tukima's Dance        Hex            91%        N/A       0%          3
j - Sticky Flame          Conj/Fire      91%        2d10      0%          4
k - Lee's Rapid Deconstr  Erth           45%        3d22*     0%          5
l - Dispersal             Tloc           45%        N/A       0%          6
m - Iron Shot             Conj/Erth      45%        9d9       0%          6
n - Orb of Destruction    Conj           45%        9d12      1%          7
o - Necromutation         Tmut/Necr      45%        N/A       1%          8
p - Discord               Hex            45%        N/A       1%          8
q - Chain Lightning       Conj/Air       45%        3d60      2%          9
r - Dragon's Call         Summ           45%        N/A       2%          9
Your spell library was empty.

Dungeon Overview and Level Annotations

Branches:
Dungeon (1/1)

Altars:
Makhleb


Innate Abilities, Weirdness & Mutations

You are immune to sickness and miasma.
You are immune to poison.
Your flesh is very heat resistant. (rF++)
You are vulnerable to cold. (rC-)
You float through the air rather than walking.
You learn spells naturally, not from books.
Your magical power is your life essence.
You have superior vitality. (+4 MHP)


Message History

The meat beast bites you!! The meat beast tramples you.
You hold your ground!
You hear a shout! x2
The meat beast completely misses you. The meat beast tramples you.
You hold your ground!
You see here a ring of see invisible.
You cut the meat beast into ribbons!!! You chop the meat beast into pieces.
You kill the meat beast!
Makhleb accepts your kill.
You feel better.
You slash the bag of meat!
You slaughter the bag of meat joyfully.
You kill the bag of meat!
Makhleb accepts your kill.
You feel better.
You hear a shout!
A bag of meat comes into view. It is wielding a +9 war axe.
The tyrant gestures wildly while chanting.
The tyrant seems to speed up.
The bag of meat shouts!
You hear a shout!
c - a ring of see invisible You hear a shout!
You feel something staring at you. Something smites you!
You hear a shout!
The meat berserker completely misses you.
The tyrant waves its bony arms in wide circles.
The air twists around and strikes you!!!
The accursed points at you and mumbles some strange words.
Something smites you!
A bag of meat comes into view. It is wielding a +9 war axe.
The dread calls on the powers of darkness!
Your body is wracked with pain!
* * * LOW HITPOINT WARNING * * *
The meat berserker convulses! x2; The bag of meat convulses!
The meat berserker convulses!
Something is bathed in an unholy light!
The bag of meat convulses!
The tyrant casts a spell.
The accursed points at you and mumbles some strange words.
Something smites you!
* * * LOW HITPOINT WARNING * * *
The meat berserker hits you with a +9 battleaxe!!!
You die...

. .......)..##...O
..#...X....#.L. LO
..........#ooo#
.##.#...L.X2.M..o
......o{.XOo.....o
#....#X....####..M
........o{...#....
.......OO......
.......@..W....
###############


You could see an accursed, a tentacled monstrosity (summoned), a meat beast
(fast), 2 tyrants, 3 large abominations, a dread, 3 meat berserkers and 6 bags
of meat.

Vanquished Creatures
  Sigmund (D)
  10 hell beasts (D)
  11 royal mummies (D)
  2 great orbs of eyes (D)
  3 wraiths (D)
  16 vampire knights (D)
  40 ogres (D)
  5 two-headed ogres (D)
  5 liches (D)
  7 hydras (D)
  64 orcs (D)
  4 skeletal warriors (D)
168 creatures vanquished.

Vanquished Creatures (collateral kills)
  Harold (D)
  A two-headed ogre (D)
  9 orcs (D)
11 creatures vanquished.

Vanquished Creatures (others)
  4 orcs (D)
  A skeletal warrior (D)
5 creatures vanquished.

Grand Total: 184 creatures vanquished

Notes
Turn   | Place    | Note
-------+----------+-------------------------------------------
     0 | D        | Found the +∞ Axe of Woe
     0 | D        | NinjaNoafa the Djinni Warper began the quest for the Orb.
     0 | D        | NinjaNoafa set off with the following spells memorised:
                  | Blink, Lesser Beckoning, Vhi's Electric Charge, Teleport
                  | Other, Manifold Assault.
     0 | D        | Reached XP level 1. HP: 18/18 MP: 0/0
     2 | D        | Noticed a bag of meat
     4 | D        | Became a worshipper of Makhleb the Destroyer
     5 | D        | Noticed a bag of meat
     6 | D        | Noticed a bag of meat
     6 | D        | Noticed a meat berserker
     8 | D        | Noticed a meat berserker
     8 | D        | Noticed a bag of meat
     8 | D        | Noticed a bag of meat
     9 | D        | Killed a bag of meat
     9 | D        | Killed a bag of meat
     9 | D        | Reached * piety under Makhleb
     9 | D        | Noticed a bag of meat
    10 | D        | Reached skill level 10 in Axes
    10 | D        | Reached skill level 10 in Throwing
    10 | D        | Reached skill level 10 in Spellcasting
    10 | D        | Reached XP level 2. HP: 39/39 MP: 0/0
    10 | D        | Reached XP level 3. HP: 44/44 MP: 0/0
    10 | D        | Learned a level 1 spell: Summon Small Mammal
    10 | D        | Reached XP level 4. HP: 50/50 MP: 0/0
    10 | D        | Reached XP level 5. HP: 56/56 MP: 0/0
    10 | D        | Learned a level 2 spell: Momentum Strike
    10 | D        | Reached XP level 6. HP: 62/62 MP: 0/0
    10 | D        | Reached XP level 7. HP: 67/67 MP: 0/0
    10 | D        | Learned a level 2 spell: Scorch
    10 | D        | Reached XP level 8. HP: 74/74 MP: 0/0
    10 | D        | Reached XP level 9. HP: 79/79 MP: 0/0
    10 | D        | Learned a level 3 spell: Tukima's Dance
    10 | D        | Reached XP level 10. HP: 85/85 MP: 0/0
    10 | D        | Reached XP level 11. HP: 90/90 MP: 0/0
    10 | D        | Learned a level 4 spell: Sticky Flame
    10 | D        | Reached XP level 12. HP: 96/96 MP: 0/0
    10 | D        | Killed a meat berserker
    10 | D        | Killed a meat berserker
    10 | D        | Noticed a bag of meat
    10 | D        | Noticed a bag of meat
    11 | D        | Reached skill level 15 in Armour
    11 | D        | Reached XP level 13. HP: 109/109 MP: 0/0
    11 | D        | Learned a level 5 spell: Lee's Rapid Deconstruction
    11 | D        | Reached XP level 14. HP: 116/116 MP: 0/0
    11 | D        | Killed a bag of meat
    11 | D        | Reached ** piety under Makhleb
    12 | D        | Killed a bag of meat
    12 | D        | Killed a bag of meat
    12 | D        | Killed a bag of meat
    12 | D        | Reached *** piety under Makhleb
    12 | D        | Noticed a bag of meat
    12 | D        | Noticed a bag of meat
    12 | D        | Noticed a bag of meat
    12 | D        | Noticed a bag of meat
    13 | D        | Reached skill level 15 in Axes
    13 | D        | Reached skill level 15 in Throwing
    13 | D        | Reached XP level 15. HP: 126/126 MP: 0/0
    13 | D        | Learned a level 6 spell: Dispersal
    13 | D        | Noticed a meat berserker
    13 | D        | Noticed a meat berserker
    14 | D        | Killed a meat berserker
    14 | D        | Reached **** piety under Makhleb
    15 | D        | Reached XP level 16. HP: 138/138 MP: 0/0
    15 | D        | Noticed a meat berserker
    16 | D        | Reached skill level 10 in Invocations
    16 | D        | Reached XP level 17. HP: 145/145 MP: 0/0
    16 | D        | Learned a level 6 spell: Iron Shot
    16 | D        | Killed a meat berserker
    16 | D        | Reached ***** piety under Makhleb
    16 | D        | Killed a meat berserker
    16 | D        | Noticed a meat berserker
    16 | D        | Noticed a meat berserker
    18 | D        | Reached XP level 18. HP: 157/157 MP: 0/0
    19 | D        | Noticed a meat berserker
    20 | D        | Killed a meat berserker
    21 | D        | Reached skill level 15 in Invocations
    21 | D        | Killed a meat berserker
    21 | D        | Noticed a destroyer
    22 | D        | Reached ****** piety under Makhleb
    22 | D        | Noticed a destroyer
    23 | D        | Reached skill level 27 in Dodging
    23 | D        | Reached XP level 19. HP: 169/169 MP: 0/0
    23 | D        | Learned a level 7 spell: Orb of Destruction
    25 | D        | Reached skill level 27 in Fighting
    25 | D        | Reached skill level 27 in Armour
    25 | D        | Reached XP level 20. HP: 181/181 MP: 0/0
    25 | D        | Killed a destroyer
    25 | D        | Killed a meat berserker
    26 | D        | Killed a destroyer
    27 | D        | Reached skill level 27 in Axes
    27 | D        | Reached skill level 27 in Spellcasting
    27 | D        | Reached skill level 27 in Invocations
    27 | D        | Reached skill level 1 in Short Blades
    27 | D        | Reached skill level 1 in Long Blades
    27 | D        | Reached skill level 1 in Maces & Flails
    27 | D        | Reached skill level 1 in Polearms
    27 | D        | Reached skill level 1 in Staves
    27 | D        | Reached skill level 1 in Ranged Weapons
    27 | D        | Reached skill level 1 in Stealth
    27 | D        | Reached skill level 1 in Shields
    27 | D        | Reached skill level 1 in Unarmed Combat
    27 | D        | Reached skill level 1 in Evocations
    27 | D        | Reached XP level 21. HP: 176/187 MP: 0/0
    27 | D        | Learned a level 8 spell: Necromutation
    28 | D        | Reached skill level 5 in Maces & Flails
    28 | D        | Reached skill level 5 in Polearms
    28 | D        | Reached skill level 5 in Ranged Weapons
    28 | D        | Noticed an eight-headed meat hydra
    28 | D        | Killed a nine-headed meat hydra
    29 | D        | Reached XP level 22. HP: 194/194 MP: 0/0
    29 | D        | Noticed a meat berserker
    29 | D        | Noticed a meat berserker
    29 | D        | Noticed a destroyer
    30 | D        | Noticed a meat berserker
    31 | D        | Noticed a destroyer
    32 | D        | Killed a meat berserker
    32 | D        | Killed a meat berserker
    32 | D        | Killed a destroyer
    33 | D        | Killed a destroyer
    33 | D        | Killed a meat berserker
    34 | D        | Reached skill level 27 in Stealth
    34 | D        | Reached XP level 23. HP: 201/201 MP: 0/0
    34 | D        | Learned a level 8 spell: Discord
    36 | D        | Noticed The Servant
    37 | D        | Noticed a large bag of meat
    37 | D        | Noticed a large bag of meat
    39 | D        | Noticed a destroyer
    39 | D        | Killed The Servant
    40 | D        | Reached skill level 15 in Shields
    40 | D        | Reached skill level 15 in Unarmed Combat
    40 | D        | Reached skill level 15 in Evocations
    40 | D        | Reached XP level 24. HP: 208/208 MP: 0/0
    40 | D        | Killed a destroyer
    41 | D        | Reached skill level 15 in Maces & Flails
    41 | D        | Reached skill level 15 in Polearms
    41 | D        | Reached skill level 15 in Ranged Weapons
    41 | D        | Reached XP level 25. HP: 214/214 MP: 0/0
    41 | D        | Learned a level 9 spell: Chain Lightning
    41 | D        | Noticed a destroyer
    43 | D        | Killed a destroyer
    43 | D        | Noticed a destroyer
    44 | D        | Noticed a large bag of meat
    45 | D        | Noticed an accursed
    45 | D        | Killed an accursed
    45 | D        | Killed a large bag of meat
    45 | D        | Killed a destroyer
    46 | D        | Reached XP level 26. HP: 112/221 MP: 0/0
    46 | D        | Noticed an accursed
    46 | D        | Killed an accursed
    46 | D        | Noticed a large bag of meat
    47 | D        | Reached XP level 27. HP: 209/228 MP: 0/0
    47 | D        | Learned a level 9 spell: Dragon's Call
    47 | D        | Killed a large bag of meat
    47 | D        | Noticed an accursed
    47 | D        | Noticed a destroyer
    48 | D        | Killed a destroyer
    48 | D        | Killed an accursed
    48 | D        | Killed a large bag of meat
    49 | D        | Reached skill level 27 in Throwing
    49 | D        | Reached skill level 27 in Shields
    49 | D        | Reached skill level 27 in Unarmed Combat
    49 | D        | Reached skill level 27 in Evocations
    49 | D        | Noticed a destroyer
    50 | D        | Killed a destroyer
    51 | D        | Reached skill level 27 in Short Blades
    51 | D        | Reached skill level 27 in Long Blades
    51 | D        | Reached skill level 27 in Staves
    51 | D        | Noticed a tyrant
    51 | D        | Killed a tyrant
    51 | D        | Noticed an accursed
    52 | D        | Reached skill level 27 in Maces & Flails
    52 | D        | Reached skill level 27 in Polearms
    52 | D        | Reached skill level 27 in Ranged Weapons
    52 | D        | Killed an accursed
    52 | D        | Noticed a tyrant
    52 | D        | Noticed an accursed
    53 | D        | Killed an accursed
    53 | D        | Killed a tyrant
    53 | D        | Noticed a destroyer
    54 | D        | Killed a destroyer
    57 | D        | Noticed a tyrant
    57 | D        | Killed a tyrant
    58 | D        | Noticed an accursed
    59 | D        | Killed an accursed
    59 | D        | Noticed a destroyer
    60 | D        | Killed a destroyer
    64 | D        | Noticed a dread
    64 | D        | Killed a dread
    69 | D        | Noticed an accursed
    69 | D        | Noticed a destroyer
    70 | D        | Killed an accursed
    71 | D        | Noticed The Captor
    71 | D        | Noticed a large bag of meat
    72 | D        | Killed a large bag of meat
    72 | D        | Killed a destroyer
    72 | D        | Noticed a tyrant
    73 | D        | Killed a tyrant
    73 | D        | Killed The Captor
    76 | D        | Noticed a meat beast
    76 | D        | Killed a meat beast
    76 | D        | Noticed a dread
    76 | D        | Noticed a large bag of meat
    76 | D        | Noticed a meat beast
    77 | D        | Noticed a meat beast
    77 | D        | Noticed a destroyer
    78 | D        | Noticed a tyrant
    79 | D        | Killed a meat beast
    80 | D        | Killed a meat beast
    80 | D        | Killed a destroyer
    81 | D        | Noticed a meat beast
    81 | D        | Killed a meat beast
    81 | D        | Killed a dread
    81 | D        | Noticed a large bag of meat
    82 | D        | Killed a large bag of meat
    82 | D        | Noticed a meat beast
    83 | D        | Killed a meat beast
    83 | D        | Noticed a destroyer
    84 | D        | Noticed an accursed
    84 | D        | Killed a destroyer
    85 | D        | Killed an accursed
    85 | D        | Killed a tyrant
    86 | D        | Noticed a meat beast
    86 | D        | Noticed a meat beast
    87 | D        | Killed a meat beast
    87 | D        | Killed a meat beast
    87 | D        | Noticed a large bag of meat
    88 | D        | Killed a large bag of meat
    89 | D        | Noticed an accursed
    90 | D        | Noticed an accursed
    90 | D        | Noticed a meat beast
    90 | D        | Noticed a destroyer
    92 | D        | Noticed an accursed
    92 | D        | Noticed a meat beast
    92 | D        | Noticed an accursed
    92 | D        | Noticed a destroyer
    93 | D        | Noticed a dread
    93 | D        | Noticed a meat beast
    94 | D        | Killed a meat beast
    94 | D        | Killed a destroyer
    94 | D        | Noticed a dread
    95 | D        | Killed an accursed
    95 | D        | Killed a dread
    95 | D        | Killed an accursed
    96 | D        | Killed a meat beast
    97 | D        | Killed an accursed
    97 | D        | Killed a destroyer
    97 | D        | Noticed a tyrant
    97 | D        | Noticed a tyrant
    98 | D        | Noticed a meat beast
    98 | D        | Noticed an accursed
   100 | D        | Noticed a tyrant
   102 | D        | Noticed a dread
   102 | D        | Killed a meat beast
   103 | D        | Annihilated by a meat berserker

Illustrated notes

Levels and vault maps discovered:
D:        meatsprint

Skill      XL: |  1  2  3  4  5  6  7  8  9 10 11 12 13 14 15 16 17 18 19 20 21 22 23 24 25 26 27 |
---------------+----------------------------------------------------------------------------------+-----
Fighting       | 12 16 18 20 22 25 27 | 27.0
Axes           | 10 13 15 17 19 21 23 27 | 27.0
Throwing       | 10 13 15 17 20 21 24 25 27 | 27.0
Armour         | 12 15 18 20 22 25 27 | 27.0
Dodging        | 13 17 19 22 24 27 | 27.0
Spellcasting   | 10 12 14 16 18 20 21 27 | 27.0
Invocations    | 8 10 14 18 21 27 | 27.0
Short Blades   | 1 7 14 16 21 22 27 | 27.0
Long Blades    | 1 7 14 16 21 22 27 | 27.0
Maces & Flails | 1 6 13 15 19 21 27 | 27.0
Polearms       | 1 6 13 15 19 21 27 | 27.0
Staves         | 1 7 14 16 21 22 27 | 27.0
Ranged Weapons | 1 6 13 15 19 21 27 | 27.0
Stealth        | 1 7 27 | 27.0
Shields        | 1 8 15 18 22 24 27 | 27.0
Unarmed Combat | 1 8 15 18 22 24 27 | 27.0
Evocations     | 1 8 15 18 22 24 27 | 27.0

Action                   |  1- 3 |  4- 6 |  7- 9 | 10-12 | 13-15 | 16-18 | 19-21 | 22-24 | 25-27 || total
-------------------------+-------+-------+-------+-------+-------+-------+-------+-------+-------++-------
Melee: Executioner's axe |     1 |       |       |     1 |     8 |    11 |    15 |    16 |   106 ||   158
 Cast: Manifold Assault  |       |       |       |       |     2 |     2 |     4 |     4 |    37 ||    49
       Iron Shot         |       |       |       |       |       |     2 |       |       |       ||     2
       Discord           |       |       |       |       |       |       |       |     1 |     2 ||     3
       Chain Lightning   |       |       |       |       |       |       |       |       |     4 ||     4
  Use: Scroll            |       |       |       |       |       |       |       |       |     2 ||     2
       Potion            |       |       |       |       |       |       |       |       |     1 ||     1
Armor: Leather armour    |       |       |       |       |       |       |       |       |     4 ||     4
Dodge: Dodged            |       |       |       |       |       |       |       |       |    17 ||    17

Table legend: (Time is in decaauts)
 A = Elapsed time spent in this place.
 B = Non-inter-level travel time spent in this place.
 C = Inter-level travel time spent in this place.
 D = Time resting spent in this place.
 E = Time spent auto-exploring this place.
 F = Levels seen in this place.
 G = Mean time per level.
                   A        B        C        D        E       F      G
               +--------+--------+--------+--------+--------+-----+--------+
         Total |     97 |     97 |      0 |      0 |      0 |   1 |   97.0 |
       Dungeon |     97 |     97 |      0 |      0 |      0 |   1 |   97.0 |
               +--------+--------+--------+--------+--------+-----+--------+

Top non-repeatable levels by time:
       D: 97 daAuts
